[Event "Titled Tuesday Blitz November 07 Late 2023"]
[White "Kozak, Antoni"]
[Black "Kovacsy, Barnabas"]
[WhiteFideId "21832030"]
[BlackFideId "769290"]
[WhiteElo "2816"]
[BlackElo "2526"]
[Result "1-0"]
[Round "11"]
[TimeControl "180+1"]
[Date "2023.11.07"]
[WhiteClock "0:00:55"]
[BlackClock "0:00:10"]
[Board "19"]

1. Nf3 Nf6 2. c4 g6 3. Nc3 d5 4. cxd5 Nxd5 5. Qa4+ Nc6 6. Ne5 Qd6 7. Nxc6 Qxc6 8. Qxc6+ bxc6 9. g3 Bg7 10. Bg2 Be6 11. O-O O-O-O 12. Na4 Nb4 13. Nc3 Nd5 14. Rb1 Nxc3 15. bxc3 Bxa2 16. Ra1 Bd5 17. Ba3 Bxg2 18. Kxg2 Rxd2 19. Bxe7 Rxe2 20. Bb4 Rd8 21. Rxa7 Rdd2 22. Kf3 f5 23. Ra8+ Kb7 24. Rg8 Be5 25. Bc5 Ra2 26. c4 Reb2 27. Rd1 Bd6 28. Be3 c5 29. Rg7 Rc2 30. Rxd6 Rxc4 31. Rdd7 Ka6 32. Rxc7 Kb5 33. Rb7+ Ka4 34. Ra7+ Kb3 35. Rgb7+ Rb4 36. Bxc5 Rxb7 37. Rxb7+ Kc4 38. Be3 Kd5 39. Rxh7 Ke6 40. h4 Kf6 41. Rb7 Ra4 42. Rb6+ Kf7 43. Rd6 Kg7 44. Bd4+ Kh6 45. Rd8 g5 46. Rd6+ Kh5 47. hxg5 Kxg5 48. Be3+ Kh5 49. Rh6# 1-0


[Site "https://www.chess.com"]

[Event "Titled Tuesday Blitz November 07 Late 2023"]
[White "Matlakov, Maxim"]
[Black "Gontcharov, Vladislav"]
[WhiteFideId "4168003"]
[BlackFideId "4123492"]
[WhiteElo "2955"]
[BlackElo "2617"]
[Result "1-0"]
[Round "11"]
[TimeControl "180+1"]
[Date "2023.11.07"]
[WhiteClock "0:00:36"]
[BlackClock "0:00:00"]
[Board "20"]

1. c4 e6 2. Nf3 d5 3. b3 Nf6 4. Bb2 c5 5. e3 Nc6 6. cxd5 Qxd5 7. Nc3 Qd8 8. a3 Be7 9. Qc2 b6 10. g4 Bb7 11. Rg1 Nd4 12. exd4 Bxf3 13. Bb5+ Kf8 14. Qd3 Bxg4 15. d5 Bf5 16. Qg3 g6 17. dxe6 Bxe6 18. O-O-O h5 19. Rde1 h4 20. Qf4 Rh5 21. Rxe6 fxe6 22. Rxg6 Kf7 23. Rg1 a6 24. Be2 Rf5 25. Qh6 Qh8 26. Qg6+ Kf8 27. Ne4 Qh7 28. Qg2 Rd8 29. Ng5 Qg8 30. f4 Nd5 31. Bxa6 Bxg5 32. fxg5 Nf4 33. Qe4 Nd3+ 34. Bxd3 Rxg5 35. Rf1+ Rf5 36. Rxf5+ exf5 37. Qxf5+ Ke8 38. Bb5+ 1-0


[Site "https://www.chess.com"]

[Event "Titled Tuesday Blitz November 07 Late 2023"]
[White "Ghasi, Ameet K"]
[Black "Fiorito, Francisco"]
[WhiteFideId "409200"]
[BlackFideId "180165"]
[WhiteElo "2803"]
[BlackElo "2627"]
[Result "1-0"]
[Round "11"]
[TimeControl "180+1"]
[Date "2023.11.07"]
[WhiteClock "0:00:39"]
[BlackClock "0:00:01"]
[Board "21"]

1. Nf3 Nf6 2. d4 b6 3. e3 Bb7 4. Bd3 e6 5. b3 c5 6. Bb2 cxd4 7. exd4 Bb4+ 8. c3 Be7 9. O-O O-O 10. Re1 d6 11. Nbd2 Nbd7 12. Nf1 a6 13. Ng3 b5 14. Rc1 Rc8 15. Bb1 Nb6 16. Qd3 Bd5 17. Nh5 g6 18. Nf4 Bb7 19. Ng5 Nfd5 20. Ngxe6 fxe6 21. Nxg6 Rf7 22. c4 bxc4 23. bxc4 Nf6 24. Nf4 Rg7 25. f3 Qe8 26. Nxe6 Rg6 27. d5 Nbd7 28. Qb3 Rb8 29. Qc3 Rh6 30. Nd4 Ne5 31. f4 Qh5 32. h3 Nfg4 33. Nf5 Bf8 34. fxe5 Nxe5 35. Rxe5 dxe5 36. Qxe5 Rg6 37. Rf1 Bc5+ 38. Kh1 Qxh3+ 39. gxh3 Bxd5+ 1-0


[Site "https://www.chess.com"]

[Event "Titled Tuesday Blitz November 07 Late 2023"]
[White "Lymar, Vladislav"]
[Black "Troff, Kayden"]
[WhiteFideId "14162180"]
[BlackFideId "2047896"]
[WhiteElo "2578"]
[BlackElo "2789"]
[Result "0-1"]
[Round "11"]
[TimeControl "180+1"]
[Date "2023.11.07"]
[WhiteClock "0:00:03"]
[BlackClock "0:00:44"]
[Board "22"]

1. d4 Nf6 2. c4 g6 3. Nc3 d5 4. Nf3 Bg7 5. h4 h6 6. Bf4 c6 7. e3 Bg4 8. cxd5 Nxd5 9. Nxd5 Qxd5 10. Bxb8 Rxb8 11. Be2 O-O 12. O-O c5 13. dxc5 Qxc5 14. Rc1 Qb6 15. b3 Rfd8 16. Qc2 Rbc8 17. Qe4 Be6 18. h5 gxh5 19. Bc4 Qb4 20. Rfd1 b5 21. a3 Qxa3 22. Ra1 Bxa1 0-1


[Site "https://www.chess.com"]

[Event "Titled Tuesday Blitz November 07 Late 2023"]
[White "Silva Lucena, Cristian"]
[Black "Perske, Thore"]
[WhiteFideId "2232588"]
[BlackFideId "12902195"]
[WhiteElo "2532"]
[BlackElo "2658"]
[Result "1-0"]
[Round "11"]
[TimeControl "180+1"]
[Date "2023.11.07"]
[WhiteClock "0:01:54"]
[BlackClock "0:02:16"]
[Board "23"]

1. e4 e6 2. d4 d5 3. e5 c5 4. c3 Qb6 5. Nf3 Bd7 6. Bd3 Nc6 7. dxc5 Bxc5 8. O-O a5 9. Nbd2 Qc7 10. Qe2 Nge7 11. Nb3 Bb6 12. Bf4 Ng6 13. Bg3 a4 14. Nbd4 Nxd4 15. cxd4 a3 16. b3 O-O 17. Rac1 Qb8 18. h4 Rc8 19. h5 Nf8 20. h6 g6 21. Qe3 Rxc1 22. Rxc1 Qe8 23. Bh4 Rc8 24. Nh2 Rxc1+ 25. Qxc1 Bxd4 26. Ng4 Qc8 27. Qf4 Bb2 28. Qf6 Qc1+ 29. Bf1 Bxe5 30. Nxe5 Qxh6 31. Qxf7+ 1-0


[Site "https://www.chess.com"]

[Event "Titled Tuesday Blitz November 07 Late 2023"]
[White "Zakaryan, David"]
[Black "FuenfgegenWilly"]
[WhiteFideId "24101923"]
[WhiteElo "2656"]
[BlackElo "2470"]
[Result "0-1"]
[Round "11"]
[TimeControl "180+1"]
[Date "2023.11.08"]
[WhiteClock "0:00:22"]
[BlackClock "0:00:12"]
[Board "24"]

1. Nf3 f5 2. g3 Nf6 3. Bg2 g6 4. O-O Bg7 5. c4 O-O 6. Nc3 Nc6 7. Rb1 e5 8. d3 d6 9. b4 h6 10. b5 Ne7 11. a4 g5 12. Ba3 Ng6 13. a5 Rb8 14. Nd2 Be6 15. a6 b6 16. Nd5 Nd7 17. Nb4 Qe8 18. Bb2 Nc5 19. Nb3 f4 20. Nxc5 dxc5 21. Nc6 Ra8 22. e3 Qd7 23. exf4 exf4 24. Re1 Bg4 25. Bd5+ Kh7 26. f3 Bh3 27. Bxg7 Qxg7 28. Qd2 fxg3 29. hxg3 Qf6 30. Re3 Bd7 31. Rbe1 Bxc6 32. Bxc6 Rad8 33. Be4 Rf7 34. Qc2 Kg7 35. Bxg6 Qxg6 36. Kg2 Qf6 37. Qf2 Rd4 38. Re6 Qf5 39. Re7 Qxd3 40. Rxf7+ Kxf7 41. Re2 Qxc4 42. Qe1 Rd7 43. Kh2 Qd3 44. Re3 Qd2+ 45. Qxd2 Rxd2+ 46. Kh3 Rb2 47. Rd3 Ke6 48. Rd8 Rxb5 49. Ra8 Ra5 50. Rxa7 Kd6 51. Ra8 Kc6 52. Kg4 c4 53. Re8 Rxa6 54. Kh5 Ra5 55. Kxh6 Rf5 56. Re3 b5 57. Kg6 Rd5 58. f4 gxf4 59. gxf4 b4 60. f5 Rd1 61. f6 c3 62. Rf3 Rd8 63. f7 Kc5 64. Rf5+ Kc4 65. Rf4+ Kb3 66. Re4 Rf8 67. Re7 c5 68. Rc7 c4 69. Kg7 Rxf7+ 70. Kxf7 c2 71. Ke6 c1=Q 72. Kd6 Qf4+ 73. Kc5 Qxc7+ 74. Kb5 Qb8+ 75. Ka6 Qa8+ 76. Kb5 Qa4+ 77. Kc5 Qa5+ 78. Kd4 c3 79. Kd3 Qd5+ 80. Ke2 Kc2 81. Ke3 Kd1 82. Kf2 Kd2 83. Kg3 Ke3 84. Kh2 Qg8 85. Kh3 Kf3 86. Kh2 Qg2# 0-1


[Site "https://www.chess.com"]

[Event "Titled Tuesday Blitz November 07 Late 2023"]
[White "Harish, Neeraj"]
[Black "Adla, Diego"]
[WhiteFideId "30958130"]
[BlackFideId "100072"]
[WhiteElo "2344"]
[BlackElo "2636"]
[Result "0-1"]
[Round "11"]
[TimeControl "180+1"]
[Date "2023.11.07"]
[WhiteClock "0:00:00"]
[BlackClock "0:00:32"]
[Board "25"]

1. e4 e5 2. Nf3 Nc6 3. Bc4 Nf6 4. d3 Bc5 5. O-O O-O 6. h3 h6 7. Re1 d6 8. c3 a5 9. Nbd2 Be6 10. Bb5 Bd7 11. Nf1 Bb6 12. Ng3 Ne7 13. Bxd7 Qxd7 14. d4 Ng6 15. dxe5 dxe5 16. Qxd7 Nxd7 17. Be3 Bxe3 18. Rxe3 Nc5 19. Rd1 f6 20. Re2 Rfd8 21. Red2 Rxd2 22. Rxd2 Ne7 23. Kf1 Kf7 24. Ke2 Ke6 25. Ke3 b6 26. Ne2 a4 27. g4 g6 28. a3 Rh8 29. Ng3 Rh7 30. Nh4 Rg7 31. f3 Nc8 32. Rd1 Nd6 33. Ke2 Nc4 34. Rb1 Rg8 35. Nf1 Kf7 36. Ne3 Nxe3 37. Kxe3 Rd8 38. Ke2 h5 39. Rd1 Rxd1 40. Kxd1 hxg4 41. hxg4 g5 42. Nf5 Nd3 43. Kc2 Ne1+ 44. Kc1 Nxf3 45. Ne3 Nh2 46. Kd2 Ke6 47. Ke2 Kd6 48. Kf2 Kc5 49. Kg3 Nf1+ 50. Nxf1 Kc4 51. Ne3+ Kb3 52. Nd5 Kxb2 53. Nxf6 Kxa3 54. Nd7 Kb3 55. Nxe5 a3 56. Nd3 Kxc3 57. Nc1 Kb2 58. Nd3+ Kb1 59. Nb4 c5 60. Na2 Kxa2 61. e5 c4 62. e6 c3 63. e7 c2 64. e8=Q c1=Q 65. Qe6+ Kb2 66. Qxb6+ Ka1 67. Qf6+ Kb1 68. Qb6+ Qb2 69. Qg1+ Ka2 70. Qc5 Qb3+ 71. Kg2 Kb2 72. Qxg5 a2 73. Qg7+ Qc3 74. Qb7+ Kc1 75. g5 a1=Q 76. g6 Qab2+ 0-1


[Site "https://www.chess.com"]

[Event "Titled Tuesday Blitz November 07 Late 2023"]
[White "Koziorowicz, Michal"]
[Black "Hong, Andrew"]
[WhiteFideId "21809194"]
[BlackFideId "2099438"]
[WhiteElo "2600"]
[BlackElo "2949"]
[Result "1-0"]
[Round "11"]
[TimeControl "180+1"]
[Date "2023.11.07"]
[WhiteClock "0:00:15"]
[BlackClock "0:00:03"]
[Board "26"]

1. e4 Nf6 2. Nc3 c5 3. e5 Ng8 4. Nf3 Nc6 5. Bb5 Nd4 6. Bd3 g6 7. O-O Bg7 8. Re1 Nh6 9. Bf1 O-O 10. d3 Nhf5 11. g3 Nxf3+ 12. Qxf3 Nd4 13. Qd1 b6 14. Bg2 Rb8 15. Bf4 Bb7 16. Ne4 Ne6 17. h4 d5 18. exd6 Nxf4 19. gxf4 exd6 20. h5 Qh4 21. Qf3 d5 22. Nd6 Ba8 23. Rab1 Bh6 24. f5 Bf4 25. Nb5 gxh5 26. Qh3 Qxh3 27. Bxh3 d4 28. Bg2 a6 29. Bxa8 Rxa8 30. Na3 Kg7 31. Re4 Bg5 32. Nc4 b5 33. Ne5 Rad8 34. f4 Bf6 35. Kf2 Rg8 36. Rh1 Kh6 37. Nxf7+ Kg7 38. Nxd8 Rxd8 39. Rxh5 c4 40. Re6 Rc8 41. Rxa6 cxd3 42. cxd3 Rc2+ 43. Kf3 Rc7 44. Rh1 Re7 45. Re6 Ra7 46. a3 b4 47. axb4 Rb7 48. Rc1 Bd8 49. Rc8 Bh4 50. Kg4 Bf6 51. b5 Kf7 52. b6 Be7 53. Rc7 Rb8 54. Rexe7+ Kg8 55. Rg7+ Kh8 56. Rxh7+ Kg8 57. Rcg7+ Kf8 58. f6 1-0


[Site "https://www.chess.com"]

[Event "Titled Tuesday Blitz November 07 Late 2023"]
[White "Gimenez Aguirre, Alejo Ismael"]
[Black "Chigaev, Maksim"]
[WhiteFideId "32041667"]
[BlackFideId "4108116"]
[WhiteElo "2585"]
[BlackElo "2875"]
[Result "0-1"]
[Round "11"]
[TimeControl "180+1"]
[Date "2023.11.07"]
[WhiteClock "0:00:02"]
[BlackClock "0:00:38"]
[Board "27"]

1. e4 c5 2. Nf3 e6 3. d4 cxd4 4. Nxd4 Nc6 5. Nxc6 bxc6 6. Bd3 d5 7. O-O Nf6 8. exd5 cxd5 9. c4 Be7 10. cxd5 Nxd5 11. Be4 Bb7 12. Nc3 Nxc3 13. Qxd8+ Rxd8 14. Bxb7 Ne2+ 15. Kh1 Nxc1 16. Bc6+ Kf8 17. Raxc1 Rd2 18. Be4 g6 19. Rc7 a5 20. Ra7 Rxb2 21. Rxa5 Kg7 22. g3 Rd8 23. h4 Rdd2 24. Kg2 Bd8 25. Ra3 Bb6 26. Rf3 Rxa2 27. h5 f5 28. Bb1 Rab2 29. hxg6 hxg6 30. g4 Kf6 31. Kg3 Bxf2+ 32. R3xf2 Rxf2 33. Rxf2 Rxb1 34. gxf5 gxf5 35. Ra2 Rb3+ 36. Kf2 e5 37. Ra5 f4 38. Ke2 Kf5 39. Ra8 Rb2+ 40. Kd3 e4+ 41. Kc3 Rb7 42. Rf8+ Kg4 43. Kd4 Kf3 44. Rh8 e3 45. Rh3+ Kg4 46. Rh1 Re7 47. Kd3 e2 48. Rg1+ Kf3 49. Re1 Kf2 0-1


[Site "https://www.chess.com"]

[Event "Titled Tuesday Blitz November 07 Late 2023"]
[White "Jaskolka, Tomasz"]
[Black "Sokolovsky, Yahli"]
[WhiteFideId "1170791"]
[BlackFideId "2820242"]
[WhiteElo "2582"]
[BlackElo "2766"]
[Result "0-1"]
[Round "11"]
[TimeControl "180+1"]
[Date "2023.11.07"]
[WhiteClock "0:00:10"]
[BlackClock "0:01:24"]
[Board "28"]

1. e4 d6 2. d4 g6 3. Nc3 Bg7 4. Bf4 a6 5. Qd2 b5 6. a3 Bb7 7. Nf3 Nd7 8. Bd3 Rc8 9. O-O c5 10. d5 Ngf6 11. Rfe1 O-O 12. Bh6 Re8 13. Bxg7 Kxg7 14. Qf4 Qc7 15. Rad1 e5 16. Qh4 Rf8 17. Bf1 Ng8 18. Ne2 h6 19. Ng3 Ndf6 20. c4 Qb6 21. b3 Rce8 22. Bd3 Bc8 23. Nf1 g5 24. Nxg5 hxg5 25. Qxg5+ Kh8 26. Ne3 Nh7 27. Qh5 Nf6 28. Qh4 Rg8 29. Nf5 Bxf5 30. exf5 Rg4 31. Qh6 Reg8 32. Re3 Rxg2+ 33. Kh1 bxc4 34. Rh3 Qd8 35. Bxc4 R8g7 36. Bf1 Rg1# 0-1


[Site "https://www.chess.com"]

[Event "Titled Tuesday Blitz November 07 Late 2023"]
[White "Wartiovaara, Oliver"]
[Black "Krzyzanowski, Marcin"]
[WhiteFideId "513024"]
[BlackFideId "1132199"]
[WhiteElo "2551"]
[BlackElo "2752"]
[Result "0-1"]
[Round "11"]
[TimeControl "180+1"]
[Date "2023.11.07"]
[WhiteClock "0:00:14"]
[BlackClock "0:00:39"]
[Board "29"]

1. e4 c6 2. d4 d5 3. Nd2 dxe4 4. Nxe4 Nf6 5. Nxf6+ exf6 6. Bd3 Qxd4 7. Nf3 Qd8 8. O-O Be7 9. Re1 O-O 10. Bf4 Bg4 11. Qe2 Bc5 12. Rad1 Qb6 13. c3 a5 14. h3 Bh5 15. Bc4 Na6 16. Rd7 Rad8 17. Red1 Rde8 18. Qd3 Bxf2+ 19. Kh2 Nc5 20. Qc2 Nxd7 21. Rxd7 Qc5 22. Bd6 Qxc4 23. Qxf2 Re2 24. Qd4 Bxf3 25. Qxc4 Rxg2+ 26. Kh1 Rg4+ 27. Kh2 Rxc4 28. Bxf8 Kxf8 0-1


[Site "https://www.chess.com"]

[Event "Titled Tuesday Blitz November 07 Late 2023"]
[White "Mekhitarian, Krikor Sevag"]
[Black "Oglaza, Oskar"]
[WhiteFideId "2107660"]
[BlackFideId "1194402"]
[WhiteElo "2741"]
[BlackElo "2561"]
[Result "0-1"]
[Round "11"]
[TimeControl "180+1"]
[Date "2023.11.07"]
[WhiteClock "0:00:00"]
[BlackClock "0:00:31"]
[Board "30"]

1. Nf3 Nf6 2. c4 c5 3. Nc3 g6 4. e4 d6 5. d4 cxd4 6. Nxd4 Bg7 7. Be2 O-O 8. O-O Nc6 9. Nc2 Bd7 10. Be3 Rc8 11. Rc1 Qc7 12. h3 Rfd8 13. b3 Qb8 14. Qd2 a6 15. a4 b5 16. cxb5 axb5 17. Bxb5 Na5 18. Rb1 Bxb5 19. Nxb5 Nxe4 20. Qxa5 Rxc2 21. Qb6 Nc3 22. Nxc3 Bxc3 23. b4 d5 24. Bc5 d4 25. Qxb8 Rxb8 26. Rfd1 e5 27. a5 Ra2 28. Rb3 f6 29. Rc1 Kf7 30. Rbxc3 dxc3 31. Rxc3 e4 32. g4 f5 33. gxf5 gxf5 34. Kg2 f4 35. Rc4 Re8 36. Bb6 Kg6 37. Rc6+ Kf5 38. Rc5+ Re5 39. Rc8 e3 40. Rf8+ Ke4 0-1


[Site "https://www.chess.com"]

[Event "Titled Tuesday Blitz November 07 Late 2023"]
[White "TimGrutter03"]
[Black "Goltsev, Dmitry"]
[BlackFideId "24176710"]
[WhiteElo "2537"]
[BlackElo "2734"]
[Result "1/2-1/2"]
[Round "11"]
[TimeControl "180+1"]
[Date "2023.11.07"]
[WhiteClock "0:00:02"]
[BlackClock "0:00:37"]
[Board "31"]

1. e4 e6 2. d4 d5 3. Nc3 c5 4. exd5 exd5 5. Nf3 Nf6 6. Bb5+ Nc6 7. O-O Be7 8. dxc5 Bxc5 9. Nd4 O-O 10. Be3 Qd6 11. Qd2 Nxd4 12. Bxd4 Ng4 13. g3 Bf5 14. Bxc5 Qxc5 15. Qxd5 Qxd5 16. Nxd5 Bxc2 17. f3 Ne5 18. Rac1 Bd3 19. Bxd3 Nxd3 20. Rc7 Nxb2 21. Rxb7 Nc4 22. Nc7 Rad8 23. Rxa7 Rd2 24. Rf2 Rd1+ 25. Kg2 Ne3+ 26. Kh3 f5 27. Ne6 Rd6 28. Rxg7+ Kh8 29. Re7 Nd5 30. Nxf8 Rh6+ 31. Kg2 Nxe7 32. Re2 Nd5 33. Re6 Rh5 34. Rd6 f4 35. gxf4 Nxf4+ 36. Kg3 Ne2+ 37. Kg4 Rxh2 38. Ne6 Kg8 39. Rd2 Rg2+ 40. Kh4 Rh2+ 41. Kg5 Kf7 42. Nf4 h6+ 43. Kg4 h5+ 44. Kg5 Ng1 45. Rxh2 Nxf3+ 46. Kxh5 Nxh2 47. Kg5 Nf1 48. Kf5 Ke7 49. Ke5 Kd7 50. Kd5 Ne3+ 51. Kd4 Nc2+ 52. Kc3 Na3 53. Kb4 Nc2+ 54. Kc3 Na3 55. Nd3 Kc6 56. Kb4 Nc2+ 57. Kb3 Nd4+ 58. Kc4 Nc2 59. a4 Kb6 60. Kb3 Nd4+ 61. Kb4 Ne2 62. a5+ Ka7 63. Nc5 Nd4 64. Kc4 Nc6 65. a6 Nb8 66. Kb5 Nxa6 1/2-1/2


[Site "https://www.chess.com"]

[Event "Titled Tuesday Blitz November 07 Late 2023"]
[White "Bilan, Danila"]
[Black "Gubajdullin, Alexei"]
[WhiteFideId "24161918"]
[BlackFideId "4141202"]
[WhiteElo "2523"]
[BlackElo "2657"]
[Result "0-1"]
[Round "11"]
[TimeControl "180+1"]
[Date "2023.11.07"]
[WhiteClock "0:00:00"]
[BlackClock "0:00:23"]
[Board "32"]

1. d4 Nf6 2. Nf3 g6 3. Bg5 Bg7 4. c3 O-O 5. Nbd2 d6 6. e4 Nc6 7. Bc4 h6 8. Bh4 e5 9. dxe5 Nxe5 10. Nxe5 dxe5 11. O-O Qe8 12. Qe2 Nh5 13. Bg3 Kh7 14. Rfe1 Bd7 15. Rad1 Rd8 16. Nf1 Nxg3 17. hxg3 Bc8 18. Ne3 c6 19. Bb3 Qe7 20. Rxd8 Rxd8 21. Rd1 Rxd1+ 22. Qxd1 h5 23. Nc4 Bf8 24. Qd3 f6 25. Nd2 b5 26. a4 a6 27. axb5 axb5 28. Nf3 Qd6 29. Qe3 Bh6 30. Qa7+ Bd7 31. Qa8 Bf8 32. Kh2 Kg7 33. Qd8 Qe7 34. Qa8 Be8 35. Nh4 Qd7 36. Nf3 Be7 37. c4 Bc5 38. cxb5 cxb5 39. Kg1 Bb6 40. Bd5 Qd8 41. Qb7+ Qc7 42. Qa8 Kf8 43. b4 Ke7 44. Qa1 Qa7 45. Qf1 Qa3 46. Qc1 Qxc1+ 0-1


[Site "https://www.chess.com"]

[Event "Titled Tuesday Blitz November 07 Late 2023"]
[White "Osmak, Yuliia"]
[Black "Volkov, Maksim"]
[WhiteFideId "14101602"]
[BlackFideId "54123070"]
[WhiteElo "2521"]
[BlackElo "2647"]
[Result "0-1"]
[Round "11"]
[TimeControl "180+1"]
[Date "2023.11.07"]
[WhiteClock "0:00:00"]
[BlackClock "0:00:18"]
[Board "33"]

1. e4 c5 2. Nf3 d6 3. Bb5+ Nd7 4. a4 a6 5. Be2 Ngf6 6. Nc3 g6 7. O-O b6 8. d4 cxd4 9. Qxd4 Bg7 10. Bg5 O-O 11. Rfe1 Bb7 12. Qe3 Rc8 13. Nd2 Nc5 14. f3 Ne6 15. Bh6 Ng4 16. fxg4 Bd4 17. Bd3 Bxe3+ 18. Rxe3 Re8 19. Rf1 Qc7 20. Ref3 Nd8 21. Nc4 b5 22. axb5 axb5 23. Ne3 b4 24. Ncd5 Qc5 25. Kh1 Qd4 26. b3 Bc6 27. Bc4 Bd7 28. Bg5 Rxc4 29. bxc4 f6 30. Bxf6 exf6 31. Nxf6+ Kg7 32. Nxd7 Rxe4 33. Nd5 Qxc4 34. N5f6 Re7 35. g5 Ne6 36. Nb6 Qxc2 37. Nbd5 Rb7 38. Ne8+ Kg8 39. Nxd6 Rb8 40. Ne7+ Kh8 41. Rf7 Qd3 42. Ndc8 Nxg5 43. Rf8+ Kg7 44. Rg8+ Kh6 45. h4 Qxf1+ 46. Kh2 Qf4+ 47. g3 Qf2+ 48. Kh1 Nf3 49. Nf5+ gxf5 0-1


[Site "https://www.chess.com"]

[Event "Titled Tuesday Blitz November 07 Late 2023"]
[White "Seemann, Jakub"]
[Black "Rangel, Daniel"]
[WhiteFideId "21874697"]
[BlackFideId "2124475"]
[WhiteElo "2643"]
[BlackElo "2533"]
[Result "0-1"]
[Round "11"]
[TimeControl "180+1"]
[Date "2023.11.07"]
[WhiteClock "0:00:04"]
[BlackClock "0:00:08"]
[Board "34"]

1. d4 Nf6 2. Bf4 g6 3. Nf3 Bg7 4. e3 O-O 5. c3 b6 6. Nbd2 Bb7 7. h3 d6 8. Be2 c5 9. O-O Nbd7 10. Bh2 Ne4 11. Nxe4 Bxe4 12. Nd2 Bb7 13. a4 a6 14. Bf3 Qc8 15. Bxb7 Qxb7 16. Qf3 Qxf3 17. Nxf3 Nf6 18. Nd2 Nd5 19. Rfd1 cxd4 20. exd4 Rfd8 21. Kf1 e6 22. Ke2 Kf8 23. Kd3 Ke7 24. Nc4 Bh6 25. Re1 Bf4 26. g3 Bh6 27. Ne3 Nxe3 28. fxe3 d5 29. g4 f5 30. Be5 Kf7 31. Bc7 Rdc8 32. Bxb6 Rab8 33. a5 Rc4 34. b3 Rc6 35. c4 Rbc8 36. c5 e5 37. b4 e4+ 38. Kc3 f4 39. exf4 Bxf4 40. Rf1 Rf6 41. b5 axb5 42. Kb4 Bd2+ 43. Kxb5 e3 44. a6 Rxf1 45. Rxf1+ Ke6 46. a7 e2 47. Rb1 e1=Q 48. Rxe1+ Bxe1 49. Bc7 Ra8 50. Bb8 Kd7 51. c6+ Kc8 52. Kc5 Ba5 53. Bf4 Rxa7 54. Kxd5 Bc7 55. Bg5 Ra5+ 56. Ke6 Rxg5 57. Kf6 Rd5 58. Kg7 Rxd4 59. Kxh7 Rd6 60. h4 Rxc6 61. Kh6 Bf4+ 62. g5 Kd7 63. Kg7 Ke7 64. Kh6 Kf7 65. h5 gxh5+ 66. Kxh5 Bxg5 67. Kg4 Rc5 68. Kh5 Be7+ 69. Kg4 Kf6 70. Kf4 Rc4+ 0-1


[Site "https://www.chess.com"]

[Event "Titled Tuesday Blitz November 07 Late 2023"]
[White "Estrada Nieto, Julian"]
[Black "Tokhirjonova, Gulrukhbegim"]
[WhiteFideId "5101018"]
[BlackFideId "14203626"]
[WhiteElo "2463"]
[BlackElo "2641"]
[Result "0-1"]
[Round "11"]
[TimeControl "180+1"]
[Date "2023.11.07"]
[WhiteClock "0:00:00"]
[BlackClock "0:00:59"]
[Board "35"]

1. e4 e5 2. Nf3 Nc6 3. Bb5 a6 4. Ba4 Nf6 5. O-O Nxe4 6. d4 b5 7. Bb3 d5 8. dxe5 Be6 9. Qe2 Be7 10. Rd1 O-O 11. Be3 Na5 12. Nbd2 Qc8 13. Nxe4 dxe4 14. Ng5 Nxb3 15. axb3 Bxg5 16. Bxg5 Bg4 17. f3 exf3 18. gxf3 Bh5 19. Qe4 Re8 20. Rd3 Bg6 21. Qf4 Bxd3 22. cxd3 h6 23. Bh4 g5 24. Bxg5 hxg5 25. Qxg5+ Kf8 26. Qh6+ Ke7 27. Qf6+ Kd7 28. Qxf7+ Kc6 29. Rc1+ Kb6 30. Qd5 c6 31. Qc5+ Kb7 32. d4 Qe6 33. d5 Qxd5 34. Qxd5 cxd5 35. Rc5 Rxe5 36. f4 Rf5 37. Kg2 Raf8 38. Kg3 Kb6 39. b4 Rxf4 40. Rxd5 Rxb4 41. Rd6+ Ka5 42. h4 Rxb2 43. h5 Rb3+ 44. Kg4 Rg8+ 45. Kf5 Rf3+ 46. Ke4 Rh3 47. h6 Rh8 0-1


[Site "https://www.chess.com"]

[Event "Titled Tuesday Blitz November 07 Late 2023"]
[White "Makaraci, Tunahan"]
[Black "Shuvalova, Polina"]
[WhiteFideId "6356559"]
[BlackFideId "24171760"]
[WhiteElo "2462"]
[BlackElo "2636"]
[Result "0-1"]
[Round "11"]
[TimeControl "180+1"]
[Date "2023.11.07"]
[WhiteClock "0:00:02"]
[BlackClock "0:00:02"]
[Board "36"]

1. e4 c6 2. c4 d5 3. exd5 cxd5 4. cxd5 Nf6 5. Nc3 g6 6. Nf3 Bg7 7. d4 O-O 8. h3 Nxd5 9. Bc4 Nb6 10. Bb3 Nc6 11. d5 Na5 12. O-O Nxb3 13. axb3 Bf5 14. Re1 Re8 15. Bg5 h6 16. Be3 a6 17. Bd4 Bxd4 18. Qxd4 Qd6 19. g4 Bd7 20. Rad1 Nc8 21. Ne4 Qf4 22. Kg2 Nd6 23. Ne5 Bb5 24. Re3 Rad8 25. Rde1 Nxe4 26. Rxe4 Qg5 27. f4 Qf6 28. Kg3 Rd6 29. Nc4 Qxd4 30. Rxd4 Rd7 31. d6 Kf8 32. dxe7+ Rexe7 33. Rxe7 Kxe7 34. Rxd7+ Kxd7 35. Kf3 Ke6 36. Ke4 Bc6+ 37. Kd4 g5 38. f5+ Ke7 39. Ne3 Bf3 40. b4 Kd6 41. Nc4+ Ke7 42. Ne3 f6 43. Kc5 h5 44. gxh5 Bxh5 45. b5 axb5 46. Kxb5 Bf3 47. Kb6 Kd6 48. b4 Ke5 49. Nc4+ Kxf5 50. Nd6+ Ke6 51. Nxb7 Bxb7 52. Kxb7 f5 53. Kc6 f4 54. b5 f3 55. b6 f2 56. b7 f1=Q 57. b8=Q Qc4+ 58. Kb6 Qb4+ 59. Kc7 Qc5+ 60. Kb7 Qb5+ 61. Kc8 Qc6+ 62. Kd8 Qd5+ 63. Kc7 Qd6+ 64. Kc8 Qd7# 0-1


[Site "https://www.chess.com"]

[Event "Titled Tuesday Blitz November 07 Late 2023"]
[White "Prithu Gupta"]
[Black "Flameboard08"]
[WhiteFideId "46618546"]
[WhiteElo "2423"]
[BlackElo "2616"]
[Result "0-1"]
[Round "11"]
[TimeControl "180+1"]
[Date "2023.11.07"]
[WhiteClock "0:00:02"]
[BlackClock "0:00:41"]
[Board "37"]

1. Nf3 b6 2. c4 Bb7 3. d4 c5 4. d5 Nf6 5. Nc3 d6 6. e4 Nbd7 7. Be2 g6 8. O-O Bg7 9. Qc2 O-O 10. a3 a6 11. Rb1 e5 12. b4 Nh5 13. Be3 Bc8 14. Nd2 Nf4 15. Bd1 Nf6 16. g3 Nh3+ 17. Kg2 Ng4 18. Bxg4 Bxg4 19. f3 Bd7 20. bxc5 bxc5 21. Rb7 f5 22. exf5 gxf5 23. Qd3 Bc8 24. Rxg7+ Kxg7 25. f4 exf4 26. gxf4 Qh4 27. Nf3 Qg4+ 28. Kh1 h6 29. Ne2 Kh7 30. Ng3 Bd7 31. Qd2 Rab8 32. Qg2 Rb3 33. Bxc5 Nxf4 34. Qc2 Rxf3 0-1


[Site "https://www.chess.com"]

[Event "Titled Tuesday Blitz November 07 Late 2023"]
[White "Balla, Tamas-Kristof"]
[Black "Sargsyan, Anna M."]
[WhiteFideId "1208497"]
[BlackFideId "13308130"]
[WhiteElo "2395"]
[BlackElo "2611"]
[Result "0-1"]
[Round "11"]
[TimeControl "180+1"]
[Date "2023.11.07"]
[WhiteClock "0:00:07"]
[BlackClock "0:00:20"]
[Board "38"]

1. e4 e5 2. Nf3 Nc6 3. d4 exd4 4. Nxd4 Nf6 5. Nxc6 bxc6 6. e5 Qe7 7. Qe2 Nd5 8. h4 Qe6 9. Nd2 a5 10. Nf3 Ba6 11. c4 Bb4+ 12. Bd2 Bxd2+ 13. Qxd2 Nb6 14. b3 d6 15. Bd3 h6 16. O-O O-O 17. Rfe1 d5 18. Nd4 Qg4 19. e6 fxe6 20. Nxe6 Rf7 21. cxd5 Bxd3 22. Qxd3 Nxd5 23. g3 Re8 24. Nd4 Ref8 25. Rf1 Nf4 26. Qc4 Nh3+ 27. Kg2 Kh8 28. f3 Nf4+ 29. Kf2 Qh3 30. gxf4 Qh2+ 31. Ke1 Rxf4 32. Ne2 Rxc4 33. bxc4 Re8 34. Rf2 Qxh4 35. Rd1 Qxc4 36. Kf1 Qxa2 37. f4 a4 38. f5 a3 39. Nf4 Qc4+ 40. Kg2 Qe4+ 41. Kg3 Qxf5 42. Rg1 Qg5+ 43. Kh2 Qh4+ 44. Kg2 Kh7 45. Kf3 Rf8 46. Rg4 Qh1+ 47. Rfg2 g5 48. Kg3 Rxf4 49. Re2 Rf3# 0-1


[Site "https://www.chess.com"]

[Event "Titled Tuesday Blitz November 07 Late 2023"]
[White "Nilsen, Tobias Lang"]
[Black "Leitao, Rafael"]
[WhiteFideId "1521624"]
[BlackFideId "2101246"]
[WhiteElo "2517"]
[BlackElo "2761"]
[Result "0-1"]
[Round "11"]
[TimeControl "180+1"]
[Date "2023.11.07"]
[WhiteClock "0:00:41"]
[BlackClock "0:00:35"]
[Board "39"]

1. e4 e5 2. Nf3 Nc6 3. Bc4 Nf6 4. d3 d5 5. exd5 Nxd5 6. O-O Nb6 7. Bb3 Bg4 8. Re1 Qe7 9. h3 Bh5 10. Nc3 O-O-O 11. Be3 f5 12. a4 a5 13. Bxb6 cxb6 14. Nb5 e4 15. Qc1 Bxf3 16. gxf3 Qh4 17. fxe4 Bc5 18. Re3 Qg5+ 19. Kh1 Bxe3 20. Qxe3 Qxe3 21. fxe3 fxe4 22. d4 Rhf8 23. Rg1 g6 24. Rg4 Kd7 25. Rxe4 Rde8 26. Nc3 Rxe4 27. Nxe4 Rf3 28. Nf6+ Rxf6 0-1


[Site "https://www.chess.com"]